 Dungeon Crawl Stone Soup version 0.28.0-53-g5a82cb258f (webtiles) character file.

Game seed: 7728416389799731330

32 Stomo the Cudgeller (level 3, -3/28 HPs)
             Began as a Demonspawn Gladiator on July 3, 2022.
             Slain by an iguana (9 damage)
             ... on level 4 of the Dungeon.
             The game lasted 00:01:01 (1352 turns).

Stomo the Cudgeller (Demonspawn Gladiator)          Turns: 1352, Time: 00:01:02

Health: -3/28      AC:  5    Str: 16    XL:     3   Next: 10%
Magic:  3/3        EV: 11    Int:  9    God:
Gold:   69         SH:  0    Dex: 14    Spells: 2/2 levels left

rFire   . . .      SeeInvis .   a - +0 flail
rCold   . . .      Faith    .   (no shield)
rNeg    . . .      Spirit   .   f - +0 ring mail
rPois   .          Reflect  .   (helmet restricted)
rElec   .          Harm     .   (no cloak)
rCorr   .          Rampage  .   (no gloves)
Will    .....                   (no boots)
Stlth   +.........              (no amulet)
HPRegen 0.09/turn               (no ring)
MPRegen 0.08/turn               (no ring)

@: no status effects
A: antennae 1, powered by death 1
a: no special abilities


You were on level 4 of the Dungeon.
You visited 1 branch of the dungeon, and saw 3 of its levels.

You collected 69 gold pieces.

Inventory:

Hand Weapons
 a - a +0 flail (weapon)
Missiles
 d - a throwing net (quivered)
Armour
 b - a +0 leather armour
 c - a +0 helmet
 f - a +0 ring mail (worn)
Scrolls
 e - a scroll of fear {unknown}
 h - a scroll of magic mapping {unknown}
Potions
 g - a potion of brilliance {unknown}
 i - a potion of cancellation {unknown}


   Skills:
 + Level 2.4 Fighting
 + Level 3.1 Maces & Flails
 - Level 1.7 Throwing
 + Level 1.0 Armour
 + Level 3.0 Dodging


You had 2 spell levels left.
You didn't know any spells.
Your spell library was empty.

Dungeon Overview and Level Annotations

Branches:
Dungeon (2/15)

Altars:


Innate Abilities, Weirdness & Mutations

You have a pair of small antennae on your head.
You regenerate a little health from kills.


Message History

You barely miss the iguana.
The iguana is lightly wounded.
The iguana bites you but does no damage.
You hit the iguana.
The iguana is lightly wounded.
The iguana bites you! The iguana misses you.
You hit the iguana but do no damage.
The iguana is lightly wounded.
The iguana bites you!
* * * LOW HITPOINT WARNING * * *
You closely miss the iguana.
The iguana is lightly wounded.
The iguana barely misses you.
Unknown command.
Okay, then.
Throw: 2 throwing nets
Press: ? - help, Q - select action Shift-Dir - straight line, f - iguana
Aim: an iguana (lightly wounded, 63% to hit)
You throw a throwing net. The throwing net hits the iguana.
The iguana is caught in the net!
The iguana is lightly wounded.
The iguana struggles against the net.
Unknown command.
You hit the iguana but do no damage.
The iguana is lightly wounded.
The iguana struggles against the net.
You hit the iguana but do no damage.
The iguana is lightly wounded.
The iguana struggles against the net. x2
You sock the iguana!
The iguana is almost dead.
The iguana struggles against the net.
You hit the iguana but do no damage.
The iguana is almost dead.
The iguana struggles against the net.
The net rips apart, and the iguana comes free!
You hit the iguana but do no damage.
The iguana is almost dead.
The iguana bites you!
You die...

#.# #.#### #.
######.#####....# #.#
#...............#
#.#####..#.#.###.###..#
#.##.....#.#...#.#.)..#
#.##.# #.###.###.###..#
#.##.###..............#
#.(....#.............##
#..#.#รท..###@###.#.#.#
#..#.....#.#l..# #.#.#
#..#####.#.#.###.###.#
#..# #.............# #..#
##.............# #..#
#..#.#.###.###.# #..#
#..#[#.# # #.# ##
#..####..###.###.#.#..
....##.#..................


You could see an iguana.

Vanquished Creatures
  An adder (D:4)
  A dart slug (D:1)
  A ball python (D:1)
  2 endoplasms (D:1)
  A giant cockroach (D:1)
  4 goblins (D:1)
  4 hobgoblins (D:1)
  A quokka (D:1)
  A bat (D:1)
  2 kobolds (D:1)
  A rat (D:1)
19 creatures vanquished.

Notes
Turn   | Place    | Note
-------+----------+-------------------------------------------
     0 | D:1      | Stomo the Demonspawn Gladiator began the quest for the Orb.
     0 | D:1      | Reached XP level 1. HP: 16/16 MP: 1/1
   385 | D:1      | Gained mutation: You regenerate a little health from kills.
                  | [demonic ancestry]
   385 | D:1      | Reached XP level 2. HP: 21/22 MP: 2/2
  1024 | D:2      | You fall into a shaft and drop 2 floors!
  1077 | D:4      | Reached skill level 1 in Armour
  1077 | D:4      | Gained mutation: You have a pair of small antennae on your
                  | head. [demonic ancestry]
  1077 | D:4      | Reached XP level 3. HP: 7/28 MP: 3/3
  1352 | D:4      | Slain by an iguana

Illustrated notes

Levels and vault maps discovered:
D:1:      minmay_arrival_checkered_box, layout_loops_cross
D:2:      minmay_evil_eye, layout_rooms
D:4:      layout_loops_ring, lemuel_doored_altar, minmay_misc_feat_enclosed,
          nicolae_concentric_dashed_squares_wild, grunt_decor_resistance,
          minmay_misc_feat_nine_boxes

Skill      XL: |  1  2 |
---------------+-------+-----
Maces & Flails | 3 |  3.1
Dodging        | 3 |  3.0
Armour         | 1 |  1.0
Fighting       | |  2.4
Throwing       | |  1.7

Action                   || total
-------------------------++-------
Melee: Flail             ||    74
Throw: Throwing net      ||     3
Armor: Ring mail         ||    27
       Leather armour    ||     2
Dodge: Dodged            ||    36
